 Dungeon Crawl Stone Soup version 0.31-a0-836-g3ceb0a68c4 (webtiles) character file.

Game seed: 15977155943067234915

1379 demibob the Grappler (level 8, -12/63 HPs)
             Began as a Black Draconian Chaos Knight on Sept 26, 2023.
             Was a Plaything of Xom.
             Mangled by an ice devil (15 damage)
             ... summoned by Xom
             ... on level 5 of the Dungeon.
             The game lasted 00:08:32 (4341 turns).

demibob the Grappler (Black Draconian Chaos Knight) Turns: 4341, Time: 00:08:33

Health: -12/63     AC:  8    Str: 15    XL:     8   Next: 39%
Magic:  8/8        EV: 17    Int: 12    God:    Xom [......]
Gold:   1036       SH:  0    Dex: 13    Spells: 7/7 levels left

rFire   + .          .
                       - Unarmed
rCold   . . .        (no shield)
rNeg    . . .        (body armour unavailable)
rPois   .            (helmet restricted)
rElec   +            g - +1 cloak
rCorr   .            (no gloves)
SInv    .            (no boots)
Will    .....        (no amulet)
Stlth   +            E - +5 ring of evasion
HPRegen 0.30/turn    (no ring)
MPRegen 0.11/turn

%: no passive effects
@: short of breath, slowed, very slow
A: breathe lightning, AC +6, unfitting armour, electricity resistance,
cold-blooded, talons 1, fire resistance 1, sense surroundings 1
a: Breathe Lightning, Renounce Religion


You were on level 5 of the Dungeon.
You worshipped Xom.
You were a very special plaything of Xom.
You visited 1 branch of the dungeon, and saw 5 of its levels.

You collected 1330 gold pieces.
You spent 294 gold pieces at shops.


Innate Abilities, Weirdness & Mutations

You can breathe wild blasts of lightning.
Your glossy black scales are hard. (AC +6)
You cannot fit into any form of body armour.
You are resistant to electric shocks. (rElec)
You are cold-blooded and may be slowed by cold attacks.
You have sharp toenails.
Your flesh is heat resistant. (rF+)
You passively map a small area around you.


   Skills:
 - Level 3.2 Fighting
 - Level 2.1 Dodging
 + Level 8.8 Unarmed Combat
 + Level 5.5 Shapeshifting


You had 7 spell levels left.
You didn't know any spells.
Your spell library was empty.

Inventory:

Armour
 g - a +1 cloak (worn)
Jewellery
 v - a ring of see invisible
 E - a +5 ring of evasion (left hand)
Talismans
 l - a flux talisman
Wands
 a - a wand of flame (14)
 c - a wand of roots (2)
 h - a wand of polymorph (8)
Scrolls
 d - a scroll of fog
Potions
 b - a potion of mutation
 e - a potion of brilliance
 f - a potion of attraction
 j - a potion of resistance
 k - a potion of enlightenment
 p - a potion of ambrosia

Dungeon Overview and Level Annotations

Branches:
Dungeon (5/15)
 Temple: D:4-7

Altars:
Fedhas
Uskayaw

Shops:
D:4

[*: ..# *#.## #..### *
#....## ####.
##.....### * ....
#........# * ,...##
#........# #..#
###..#.....# #..##
###..@##.....#
*#..####...44###.....#
#..........55.#§.....
##........###...§.....
##...#...###
##..§....., *
#...##...# #.......
##..####..# ......
##..## #..#* ....## *
* ##..## #...# ...#


You could see an ice devil (summoned), a chaos spawn (summoned), an iron imp
(summoned) and a crimson imp (summoned).


Message History

The chaos spawn gores you but does no damage.
You hit the ice devil but do no damage. The ice devil misses you.
You barely miss the ice devil.
You claw the ice devil, but do no damage.
The chaos spawn completely misses you. The ice devil closely misses you.
You hit the ice devil but do no damage.
You claw the ice devil, but do no damage.
Your tail-slap misses the ice devil.
You punch the ice devil, but do no damage.
The chaos spawn misses you. The ice devil hits you. The ice devil freezes you!
You feel yourself slow down.
You hit the ice devil.
The ice devil is lightly wounded.
The chaos spawn gores you!
The chaos spawn draws strength from your injuries!
The ice devil closely misses you.
You hit the ice devil but do no damage. Your punch misses the ice devil.
The ice devil is lightly wounded.
You feel yourself speed up. The chaos spawn hits you!
* * * LOW HITPOINT WARNING * * *
The chaos spawn freezes you!
You feel yourself slow down.
* * * LOW HITPOINT WARNING * * *
The ice devil hits you.
* * * LOW HITPOINT WARNING * * *
The ice devil freezes you!
You feel as though you will be slow longer.
You die...
Xom titters!

Skill      XL: |  1  2  3  4  5  6  7  8 |
---------------+-------------------------+-----
Unarmed Combat | 4 5 6 7 8 |  8.8
Shapeshifting  | 1 3 4 5 |  5.5
Fighting       | |  3.2
Dodging        | |  2.1

Action                     |  1- 3 |  4- 6 |  7- 9 || total
---------------------------+-------+-------+-------++-------
  Melee: Unarmed           |    92 |   151 |    92 ||   335
         Tailslap          |    14 |    14 |    12 ||    40
         Punch             |     1 |     5 |     8 ||    14
         Kick              |       |    10 |    24 ||    34
Ability: Breathe Lightning |       |       |     6 ||     6
  Evoke: Wand              |       |     6 |       ||     6
    Use: Scroll            |     3 |     3 |     6 ||    12
         Potion            |     1 |     3 |       ||     4
   Stab: Sleeping          |       |     1 |       ||     1
 Armour: Skin              |    39 |   111 |    45 ||   195
  Dodge: Dodged            |    54 |    96 |    64 ||   214
         Form:             |       |     1 |       ||     1
         Flux              |       |     1 |       ||     1

Levels and vault maps discovered:
D:1:      minmay_arrival_four_loops, layout_loops_cross, minmay_tetromino_i2
D:2:      layout_rooms, hellmonk_ecumenical_altar_defaced_shrine,
          nicolae_twisty_statue_hallways, uniq_jessica, uniq_crazy_yiuf_cottage
D:3:      layout_basic, mainiacjoe_overflow_large_starburst
D:4:      layout_cave_pods, nicolae_shop_distant_corner_stores, uniq_pikel,
          uniq_blork_the_orc, uniq_robin
D:5:      layout_layer_cave, uniq_edmund

Notes
Turn   | Place    | Note
-------+----------+-------------------------------------------
     0 | D:1      | demibob the Draconian Chaos Knight began the quest for the
                  | Orb.
     0 | D:1      | Reached XP level 1. HP: 19/19 MP: 1/1
     6 | D:1      | XOM: divination: detect creatures
    39 | D:1      | Reached XP level 2. HP: 20/26 MP: 2/2
    93 | D:1      | XOM: smoke on damage
   155 | D:1      | Reached skill level 4 in Unarmed Combat
   407 | D:1      | Reached XP level 3. HP: 31/31 MP: 3/3
   554 | D:1      | XOM: silly message
   698 | D:1      | XOM: cloud trail
   770 | D:1      | XOM: noise
   900 | D:2      | Noticed Jessica
   912 | D:2      | Killed Jessica
  1170 | D:2      | Reached skill level 5 in Unarmed Combat
  1170 | D:2      | Reached XP level 4. HP: 13/38 MP: 4/4
  1505 | D:2      | Identified the +1 dagger "Usseliga" {holy, Int+3}
  1530 | D:2      | Found a runed translucent door.
  1531 | D:2      | Noticed Crazy Yiuf
  1540 | D:2      | Killed Crazy Yiuf
  1737 | D:2      | Found a faded altar of an unknown god.
  1745 | D:2      | XOM: noise
  1893 | D:3      | Reached XP level 5. HP: 42/45 MP: 5/5
  2072 | D:3      | Reached skill level 6 in Unarmed Combat
  2113 | D:3      | Found a hide-covered altar of Uskayaw.
  2165 | D:3      | Found a blossoming altar of Fedhas.
  2201 | D:3      | XOM: god gift: 1052 gold pieces
  2302 | D:3      | XOM: give mutations
  2302 | D:3      | Gained mutation: Your flesh is heat resistant. (rF+) [Xom's
                  | grace]
  2302 | D:3      | Gained mutation: You have sharp toenails. [Xom's grace]
  2302 | D:3      | Gained mutation: You passively map a small area around you.
                  | [Xom's grace]
  2329 | D:3      | XOM: god gift: 10 gold pieces
  2492 | D:4      | Noticed Robin
  2494 | D:4      | Reached skill level 1 in Shapeshifting
  2788 | D:4      | Killed Robin
  2794 | D:4      | XOM: noise
  2866 | D:4      | Noticed Blork the orc
  2868 | D:4      | XOM: enchant monster (bad)
  2870 | D:4      | Noticed Pikel
  2874 | D:4      | Noticed a lemure
  2874 | D:4      | Noticed a lemure
  2891 | D:4      | XOM: confuse monster(s)
  2891 | D:4      | Noticed a lemure
  2892 | D:4      | Noticed a lemure
  2894 | D:4      | Killed Blork the orc
  2895 | D:4      | Reached XP level 6. HP: 19/51 MP: 6/6
  2895 | D:4      | XOM: confusion (+ monsters)
  2895 | D:4      | Killed Pikel
  2896 | D:4      | Reached skill level 7 in Unarmed Combat
  2896 | D:4      | Reached skill level 3 in Shapeshifting
  2896 | D:4      | Your scales start taking on a glossy black colour.
  2896 | D:4      | Reached XP level 7. HP: 22/57 MP: 7/7
  2896 | D:4      | Gained mutation: You are resistant to electric shocks.
                  | (rElec) [Black Draconian growth]
  2917 | D:4      | XOM: polymorph butterfly -> orc
  3005 | D:4      | XOM: 1-stop teleportation journey
  3101 | D:4      | Reached skill level 4 in Shapeshifting
  3495 | D:4      | Reached skill level 8 in Unarmed Combat
  3497 | D:4      | Found Coenieh's Assorted Antiques.
  3499 | D:4      | Found Roiniwko's Antique Armour Emporium.
  3499 | D:4      | Found Roefur's Book Emporium.
  3506 | D:4      | Bought a scroll labelled XUEVOD KEUKY for 27 gold pieces
  3506 | D:4      | Bought a scroll labelled QIATTAK VUACHYSMUA for 27 gold
                  | pieces
  3506 | D:4      | Bought a scratched bone ring for 135 gold pieces
  3506 | D:4      | Bought a scroll labelled ENONIB PEONIECS for 27 gold pieces
  3506 | D:4      | Bought a coppery potion for 24 gold pieces
  3506 | D:4      | Bought a scroll of identify for 54 gold pieces
  3507 | D:4      | Identified a potion of resistance
  3734 | D:5      | Entered Level 5 of the Dungeon
  3891 | D:5      | XOM: blink monster(s)
  3900 | D:5      | Reached XP level 8. HP: 63/63 MP: 8/8
  3993 | D:5      | XOM: noise
  3994 | D:5      | XOM: silly message
  3999 | D:5      | Reached skill level 5 in Shapeshifting
  4191 | D:5      | Noticed Edmund
  4210 | D:5      | XOM: chaos cloud
  4214 | D:5      | Killed Edmund
  4327 | D:5      | XOM: summons 5 hostile demons
  4328 | D:5      | Noticed an ice devil
  4341 | D:5      | HP: 3/63 [ice devil[Xom] (6)]
  4341 | D:5      | Mangled by an ice devil

Vanquished Creatures
  Pikel (D:4)
  Edmund (D:5)
  2 black bears (D:5)
  2 ogres
  A centaur (D:5)
  Blork the orc (D:4)
  An orc priest (D:3)
  Crazy Yiuf (D:2)
  Jessica (D:2)
  An orc wizard (D:4)
  Robin (D:4)
  4 gnolls
  4 adders
  A white imp (D:4)
  An ufetubus (D:5)
  A worm (D:2)
  4 dart slugs
  17 orcs
  3 endoplasms
  A giant cockroach (D:4)
  8 hobgoblins
  3 jackals (D:3)
  5 kobolds
  4 quokkas
  6 ball pythons
  8 bats
  4 frilled lizards
  15 goblins
  7 rats
109 creatures vanquished.

Table legend: (Time is in decaauts)
 A = Elapsed time spent in this place.
 B = Non-inter-level travel time spent in this place.
 C = Inter-level travel time spent in this place.
 D = Time resting spent in this place.
 E = Time spent auto-exploring this place.
 F = Levels seen in this place.
 G = Mean time per level.
                   A        B        C        D        E       F      G
               +--------+--------+--------+--------+--------+-----+--------+
         Total |   4304 |   4169 |    135 |    309 |   3137 |   5 |  860.8 |
       Dungeon |   4304 |   4169 |    135 |    309 |   3137 |   5 |  860.8 |
               +--------+--------+--------+--------+--------+-----+--------+

Top non-repeatable levels by time:
     D:3: 984 daAuts
     D:4: 959 daAuts
     D:2: 900 daAuts
     D:1: 862 daAuts
     D:5: 597 daAuts

Table legend:
 A = Non-vault XP
 B = Vault XP
 C = Vault XP percentage of total XP
 D = Non-vault monster count
 E = Vault monster count
 F = Vault count percentage of total count
                 A         B        C        D         E       F
            +---------+---------+-------+---------+---------+-------
      Total |     960 |    1011 |  51.3 |      90 |      19 |  17.4
            +---------+---------+-------+---------+---------+-------
        D:1 |      42 |       3 |   6.7 |      17 |       2 |  10.5
        D:2 |      29 |      79 |  73.1 |      10 |       3 |  23.1
        D:3 |     159 |      16 |   9.1 |      32 |       8 |  20.0
        D:4 |     221 |     751 |  77.3 |      24 |       5 |  17.2
        D:5 |     509 |     162 |  24.1 |       7 |       1 |  12.5
            +---------+---------+-------+---------+---------+-------
